 Dungeon Crawl Stone Soup version 0.22-a0-422-g9628fc8 (webtiles) character file.

405 Ijustatesigmund the Cudgeler (level 6, -2/62 HPs)
             Began as a Troll Fighter on May 17, 2018.
             Succumbed to a scorpion's poison
             ... on level 4 of the Dungeon.
             The game lasted 00:05:48 (3019 turns).

Ijustatesigmund the Cudgeler (Troll Fighter)        Turns: 3019, Time: 00:05:48

Health: -2/62      AC:  5    Str: 25    XL:     6   Next: 56%
Magic:  5/5        EV:  8    Int:  9    God:
Gold:   142        SH:  9    Dex: 11    Spells: 5/5 levels left

rFire    . . .     SeeInvis .   a - +0 flail
rCold    . . .     Gourm    +   c - +0 shield
rNeg     . . .     Faith    .   b - +0 robe
rPois    .         Spirit   .   (helmet restricted)
rElec    .         Reflect  .   (no cloak)
rCorr    .         Harm     .   (gloves unavailable)
MR       .....                  (boots unavailable)
Stlth    ++........             (no amulet)
HPRegen  0.60/turn              i - ring of stealth
MPRegen  0.09/turn              (no ring)

@: brilliant, lethally poisoned (-2 -> -28)
A: large, unfitting armour, antennae 1, claws 3, talons 1, fast metabolism 3,
gourmand, regeneration 1, shaggy fur 1, tough skin 2
a: no special abilities


You were on level 4 of the Dungeon.
You were full.

You visited 1 branch of the dungeon, and saw 4 of its levels.

You collected 142 gold pieces.

Inventory:

Hand Weapons
 a - a +0 flail (weapon)
Armour
 b - a +0 robe (worn)
 c - a +0 shield (worn)
Jewellery
 i - a ring of stealth (left claw)
Scrolls
 e - 2 scrolls of teleportation
 g - 2 scrolls of amnesia
 o - a scroll of identify
 p - a scroll of enchant armour {unknown}
Potions
 d - a potion of might
 h - a potion of curing {unknown}
 j - a potion of agility
 k - 2 potions of flight
 l - a potion of mutation
 m - a potion of heal wounds {unknown}
Comestibles
 f - 6 rations


   Skills:
 - Level 4.0 Fighting
 + Level 5.4 Maces & Flails
 - Level 2.4 Dodging
 - Level 2.4 Shields


You had 5 spell levels left.
You didn't know any spells.
Your spell library was empty.

Dungeon Overview and Level Annotations

Branches:
Dungeon (4/15)
 Temple: D:4-7

Altars:
Ashenzari
Cheibriados
Makhleb
Uskayaw
The Shining One

Annotations:
D:4 1 runed door


Innate Abilities, Weirdness & Mutations

You are too large for most types of armour.
You have claws for hands.
Your metabolism is lightning-fast.
You like to eat raw meat.
Your natural rate of healing is unusually fast.
You are covered in fur. (AC +1)
You have very tough skin. (AC +2)
You have a pair of small antennae on your head.
You have sharp toenails.


Message History

* * * LOW HITPOINT WARNING * * *
You are more poisoned.
The scorpion poisons you!
It was a potion of mutation.
You feel extremely strange.
Your toenails lengthen and sharpen.
A pair of antennae grows on your head!
* * * LOW HITPOINT WARNING * * *
You feel very sick. The scorpion stings you.
* * * LOW HITPOINT WARNING * * *
You are more poisoned.
The scorpion poisons you!
It was a potion of brilliance.
You feel clever all of a sudden.
* * * LOW HITPOINT WARNING * * *
You feel very sick. The scorpion stings you.
* * * LOW HITPOINT WARNING * * *
* * * LOW HITPOINT WARNING * * *
You feel very sick.
You die...

######.
#...........#
.......
#...........##
.......
#.......).....
.....(.
#.............
.......
####'#........
.......####
#.#........
........s.#
#.#########
..[....##.###.#
.......##@#.#.#
.......+....#.###.#
.......####.#.....#
####### #.#.###.#
#..[....# ###.#####
###


You could see a scorpion.

Vanquished Creatures
  2 hounds
  3 orc priests
  An orc wizard (D:4)
  An iguana (D:4)
  4 gnolls (D:2)
  4 adders
  4 oozes
  An adder skeleton (D:4)
  4 worms
  4 dart slugs (D:2)
  3 leopard geckos
  7 orcs
  5 giant cockroaches
  12 goblins
  9 hobgoblins
  4 jackals (D:2)
  A quokka (D:2)
  3 ball pythons
  9 bats
  3 frilled lizards
  4 kobolds
  7 rats
95 creatures vanquished.

Notes
Turn   | Place    | Note
-------+----------+-------------------------------------------
     0 | D:1      | Ijustatesigmund the Troll Fighter began the quest for the Orb.
     0 | D:1      | Reached XP level 1. HP: 22/22 MP: 0/0
    17 | D:1      | Reached skill level 2 in Maces & Flails
   112 | D:1      | Reached XP level 2. HP: 17/29 MP: 1/1
   410 | D:1      | Reached skill level 3 in Maces & Flails
   819 | D:2      | Reached XP level 3. HP: 36/36 MP: 2/2
  1347 | D:2      | Noticed a dagger
  1347 | D:2      | Noticed a hand axe
  1350 | D:2      | Found a hide-covered altar of Uskayaw.
  1519 | D:2      | Reached XP level 4. HP: 44/44 MP: 3/3
  1645 | D:2      | Found a burning altar of Makhleb.
  1660 | D:2      | Reached skill level 4 in Maces & Flails
  1965 | D:2      | Reached XP level 5. HP: 27/53 MP: 4/4
  2303 | D:3      | Found a snail-covered altar of Cheibriados.
  2465 | D:3      | Found a shattered altar of Ashenzari.
  2648 | D:3      | Found a faded altar of an unknown god.
  2668 | D:4      | Reached XP level 6. HP: 55/62 MP: 5/5
  2722 | D:4      | Found a glowing golden altar of the Shining One.
  2722 | D:4      | Found a runed door.
  2722 | D:4      | Noticed an angel
  2774 | D:4      | Reached skill level 5 in Maces & Flails
  3016 | D:4      | Gained mutation: You have sharp toenails. [potion of mutation]
  3016 | D:4      | Gained mutation: You have a pair of small antennae on your head. [potion of mutation]
  3018 | D:4      | HP: 1/62 [poisoned by a scorpion]
  3019 | D:4      | Succumbed to a scorpion's poison

Vault maps used:
D:1:      scummos_arrival_simple_fountains, minmay_tetromino_l4
D:2:      dancing_weapons_uskayaw, first_ration, makhleb_blood_cavern_becter
D:3:      overflow_temple_1_default, overflow_temple_1_default,
          chequers_ecumenical_altar_lobes
D:4:      st_stairs_1, lemuel_angel_altar, uniq_grinder

Skill      XL: |  1  2  3  4  5  6 |
---------------+-------------------+-----
Maces & Flails | 2 3 4 5 |  5.4
Fighting       | 3 4 |  4.0
Dodging        | |  2.4
Shields        | |  2.4

Action                   |  1- 3 |  4- 6 || total
-------------------------+-------+-------++-------
Melee: Flail             |   115 |   189 ||   304
  Use: Scroll            |     6 |       ||     6
       Potion            |       |     2 ||     2
 Stab: Sleeping          |     2 |     7 ||     9
  Eat: Chunk             |    20 |    10 ||    30
Armor: Robe              |    32 |    77 ||   109
Dodge: Dodged            |    40 |    62 ||   102
Block: Shield            |    51 |   109 ||   160

Table legend:
 A = Spawn XP
 B = Non-spawn XP
 C = Spawn XP percentage of total XP
 D = Spawn monster count
 E = Non-spawn monster count
 F = Spawn count percentage of total count
 G = Total turns spent on level
                    A         B        C        D         E        F      G
               +---------+---------+-------+---------+---------+-------+---------
         Total |       0 |     579 |   0.0 |       0 |      95 |   0.0 |  3019
               +---------+---------+-------+---------+---------+-------+---------
           D:1 |       0 |      38 |   0.0 |       0 |      21 |   0.0 |   789
           D:2 |       0 |     182 |   0.0 |       0 |      35 |   0.0 |  1391
           D:3 |       0 |     146 |   0.0 |       0 |      26 |   0.0 |   480
           D:4 |       0 |     213 |   0.0 |       0 |      13 |   0.0 |   359
               +---------+---------+-------+---------+---------+-------+---------
